[Event "2026 European Womens Championship"]
[Site "Batumi, GE"]
[Date "2026.06.04"]
[Round "10"]
[White "Donghvani, Nia"]
[Black "Kalyoncu, Beren"]
[Result "1/2-1/2"]
[Board "63"]
[TimeControl "5400+30"]
[WhiteFideId "13614649"]
[BlackFideId "51608383"]
[WhiteElo "2117"]
[BlackElo "1840"]
[WhiteTitle "WFM"]
[BlackTitle "WCM"]
[WhiteClock "0:05:29"]
[BlackClock "0:06:42"]
[Variant "Standard"]

1. c4 e5 2. Nc3 Bb4 3. Qc2 Nf6 4. a3 Bxc3 5. dxc3 d6 6. e4 O-O 7. Nf3 Nbd7 8. b4 a5 9. Be2 h6 10. O-O Qe7 11. h3 b6 12. Nh4 Nb8 13. Be3 Nh7 14. Nf5 Bxf5 15. exf5 Nd7 16. f4 axb4 17. cxb4 exf4 18. Bxf4 Ne5 19. Qc3 Rfe8 20. Rae1 Qf6 21. c5 bxc5 22. bxc5 Ng5 23. Bxg5 hxg5 24. cxd6 cxd6 25. Bb5 Rec8 26. Qg3 Rc5 27. a4 Rac8 28. Rd1 Rc3 29. Qf2 R8c5 30. Qd4 Nc4 31. Qxf6 gxf6 32. Bxc4 R3xc4 33. Rxd6 Rxa4 34. Rxf6 Rc2 35. Rf3 Kg7 36. Rb6 Ra5 37. f6+ Kg6 38. Rb8 Rf5 39. Rg8+ Kxf6 40. Rxf5+ 1/2-1/2

[Event "2026 European Womens Championship"]
[Site "Batumi, GE"]
[Date "2026.06.04"]
[Round "10"]
[White "Khairova, Evelina"]
[Black "Aghaverdiyeva, Maryam"]
[Result "0-1"]
[Board "64"]
[TimeControl "5400+30"]
[WhiteFideId "2845768"]
[BlackFideId "13452509"]
[WhiteElo "1880"]
[BlackElo "2103"]
[BlackTitle "WFM"]
[WhiteClock "0:00:58"]
[BlackClock "0:02:11"]
[Variant "Standard"]

1. e4 c5 2. Nf3 e6 3. g3 Nc6 4. Bg2 Nf6 5. d3 d5 6. Qe2 Be7 7. O-O b5 8. exd5 exd5 9. d4 c4 10. b3 Be6 11. a4 a6 12. Rd1 O-O 13. axb5 axb5 14. Rxa8 Qxa8 15. Ng5 Bg4 16. f3 Bd7 17. Nc3 Qa5 18. Nb1 Re8 19. Be3 Ng4 20. Bd2 Bb4 21. Qf1 Bxd2 22. Rxd2 Ne3 23. Qc1 Nxg2 24. Kxg2 h6 25. Nh3 Bxh3+ 26. Kxh3 c3 27. Rd3 b4 28. Re3 Qd8 29. Nxc3 bxc3 30. Rxc3 Nxd4 31. Rd3 Qc8+ 32. g4 Ne2 33. Qd2 Qc7 34. Re3 Nf4+ 35. Kg3 Rxe3 36. Qxe3 Ne6+ 37. f4 Qxc2 38. f5 Ng5 39. h4 Ne4+ 40. Kf3 Qh2 41. g5 h5 0-1

[Event "2026 European Womens Championship"]
[Site "Batumi, GE"]
[Date "2026.06.04"]
[Round "10"]
[White "Esadze, Tamari"]
[Black "Liashkevich, Lizaveta"]
[Result "0-1"]
[Board "65"]
[TimeControl "5400+30"]
[WhiteFideId "13611186"]
[BlackFideId "13518658"]
[WhiteElo "1974"]
[BlackElo "2079"]
[BlackTitle "WFM"]
[WhiteClock "0:00:56"]
[BlackClock "0:07:25"]
[Variant "Standard"]

1. e4 e6 2. d4 d5 3. Nd2 c5 4. Ngf3 cxd4 5. exd5 Qxd5 6. Bc4 Qd7 7. O-O Nc6 8. Nb3 a6 9. Nbxd4 Nxd4 10. Nxd4 Qc7 11. Bd3 Bd6 12. h3 Ne7 13. c3 O-O 14. Qh5 f5 15. Bg5 Ng6 16. Qe2 e5 17. Bc4+ Kh8 18. Ne6 Bxe6 19. Bxe6 Rae8 20. Bb3 e4 21. Rad1 f4 22. Rd4 f3 23. Qd1 Rf5 24. Rd5 Ref8 25. g4 Rxd5 26. Qxd5 Bf4 27. Bxf4 Nxf4 28. Qxe4 Nxh3+ 29. Kh1 Qd6 30. Qd5 Qb6 31. Qd2 Qf6 32. Re1 Qh4 33. Qd6 Nf4+ 34. Kg1 Qxg4+ 0-1

[Event "2026 European Womens Championship"]
[Site "Batumi, GE"]
[Date "2026.06.04"]
[Round "10"]
[White "Chkhartishvili, Lika"]
[Black "Subramanian, Anusha"]
[Result "1/2-1/2"]
[Board "66"]
[TimeControl "5400+30"]
[WhiteFideId "13635166"]
[BlackFideId "477710"]
[WhiteElo "1822"]
[BlackElo "2068"]
[BlackTitle "WFM"]
[WhiteClock "0:39:48"]
[BlackClock "0:05:08"]
[Variant "Standard"]

1. e4 e6 2. d4 d5 3. Nd2 c5 4. exd5 Qxd5 5. Ngf3 cxd4 6. Bc4 Qd7 7. Nb3 Nc6 8. Nbxd4 Nxd4 9. Nxd4 a6 10. Be3 Qc7 11. Be2 Bd7 12. O-O Bd6 13. h3 Ne7 14. c4 Ng6 15. Rc1 Bf4 16. Bxf4 Qxf4 17. Bf3 Rb8 18. g3 Qc7 19. Bg2 O-O 20. b4 Rbd8 21. Qc2 e5 22. Nb3 Qc8 23. Nc5 Bc6 24. Bxc6 Qxc6 25. Rfd1 Qc8 26. Rxd8 Rxd8 27. Rd1 Re8 28. Kh2 h5 29. Qe4 b6 30. Nd7 Re6 31. c5 bxc5 32. Nxc5 Rf6 33. Rd2 h4 34. Kg2 hxg3 35. fxg3 a5 36. Nd7 Rc6 37. b5 Rc4 38. Nb6 Qxh3+ 39. Kxh3 Rxe4 40. Nd5 Rd4 41. Rxd4 exd4 42. b6 Ne5 43. b7 Nd7 44. Kg2 Kf8 45. Kf3 f6 46. Nc7 Nb8 47. Ne6+ Ke7 48. Nxg7 Kd6 49. Ke4 Kc7 50. Kxd4 Kxb7 51. Ne8 Nd7 52. Kd5 a4 53. Kc4 Kc6 54. Kb4 a3 55. Kxa3 Kb5 56. Kb3 Nc5+ 57. Kc2 Ne4 58. g4 Kc4 59. a3 Kb5 60. Kb3 Nc5+ 61. Kc3 Ne4+ 62. Kd4 Nf2 63. Nxf6 Nxg4 64. Nxg4 Ka4 65. Ke4 1/2-1/2

[Event "2026 European Womens Championship"]
[Site "Batumi, GE"]
[Date "2026.06.04"]
[Round "10"]
[White "Krkyasharyan, Sona"]
[Black "Avelino, Camila Biscaya"]
[Result "0-1"]
[Board "67"]
[TimeControl "5400+30"]
[WhiteFideId "13316729"]
[BlackFideId "1938975"]
[WhiteElo "2063"]
[BlackElo "1937"]
[WhiteTitle "WFM"]
[BlackTitle "WFM"]
[WhiteClock "0:35:44"]
[BlackClock "0:02:36"]
[Variant "Standard"]

1. d4 Nf6 2. c4 g6 3. Nc3 Bg7 4. e4 d6 5. h3 O-O 6. Be3 Nbd7 7. g4 e5 8. d5 Nc5 9. Qc2 a5 10. Nge2 c6 11. Bxc5 dxc5 12. O-O-O Qe7 13. Ng3 Ne8 14. Kb1 Nd6 15. Na4 cxd5 16. cxd5 b5 17. Nxc5 Bd7 18. Nxd7 Qxd7 19. Qc6 Qe7 20. Bxb5 Rab8 21. Bd3 Bh6 22. h4 Rfc8 23. Qa4 Qa7 24. Rhf1 Rb4 25. Qa3 Rcb8 26. b3 Bf8 27. Qc1 a4 28. Qe3 Qa5 29. Bc2 Nc4 30. Qd3 Na3+ 31. Kc1 Nxc2 32. Qxc2 axb3 33. axb3 Rxb3 34. Rd3 Rxd3 35. Qxd3 Qa1+ 36. Kd2 Qa2+ 37. Ke3 Rb3 38. Qxb3 Qxb3+ 39. Ke2 Bc5 40. Rd1 Bxf2 0-1

[Event "2026 European Womens Championship"]
[Site "Batumi, GE"]
[Date "2026.06.04"]
[Round "10"]
[White "Nahapetyan, Ani"]
[Black "Akat, Elifnaz"]
[Result "1-0"]
[Board "68"]
[TimeControl "5400+30"]
[WhiteFideId "13317776"]
[BlackFideId "34560556"]
[WhiteElo "1827"]
[BlackElo "2061"]
[BlackTitle "WFM"]
[WhiteClock "0:34:47"]
[BlackClock "0:11:46"]
[Variant "Standard"]

1. e4 c5 2. Nf3 d6 3. d4 cxd4 4. Nxd4 Nf6 5. Nc3 a6 6. Bd3 e5 7. Nde2 Be7 8. O-O Be6 9. Ng3 Nc6 10. f4 Qb6+ 11. Kh1 exf4 12. Bxf4 Ng4 13. Qd2 Bf8 14. Nf5 Nce5 15. Be2 h5 16. Bxg4 hxg4 17. Nd5 Qd8 18. Qd4 f6 19. Nb6 Rb8 20. Rad1 Bxf5 21. exf5 Qc7 22. Nd5 Qc5 23. Bxe5 fxe5 24. Qxg4 Qc6 25. Qg6+ Kd8 26. f6 Qe8 27. fxg7 1-0

[Event "2026 European Womens Championship"]
[Site "Batumi, GE"]
[Date "2026.06.04"]
[Round "10"]
[White "Diasamidze, Lulu"]
[Black "Rodshtein, Tereza"]
[Result "1-0"]
[Board "69"]
[TimeControl "5400+30"]
[WhiteFideId "13623818"]
[BlackFideId "325449"]
[WhiteElo "1924"]
[BlackElo "2218"]
[BlackTitle "WGM"]
[WhiteClock "0:38:44"]
[BlackClock "0:28:49"]
[Variant "Standard"]

1. e4 e5 2. Nf3 Nc6 3. Bb5 a6 4. Ba4 Nf6 5. O-O Nxe4 6. d4 b5 7. Bb3 d5 8. dxe5 Be6 9. Nbd2 Be7 10. c3 O-O 11. Nd4 Nxd4 12. cxd4 c5 13. Nxe4 dxe4 14. d5 Bf5 15. d6 Bg5 16. Bd5 Ra7 17. f4 exf3 18. Qxf3 g6 19. Qc3 Bxc1 20. Raxc1 c4 21. Qd4 Qd7 22. Bc6 Qxc6 23. Qxa7 Bd3 24. Rf3 Qd5 25. Re1 Be4 26. Rf2 Qxe5 27. Qe7 1-0

[Event "2026 European Womens Championship"]
[Site "Batumi, GE"]
[Date "2026.06.04"]
[Round "10"]
[White "Shuqja, Klean"]
[Black "Giorgadze, Mariam Ere"]
[Result "1-0"]
[Board "70"]
[TimeControl "5400+30"]
[WhiteFideId "4701585"]
[BlackFideId "13636839"]
[WhiteElo "2092"]
[BlackElo "1909"]
[WhiteTitle "WFM"]
[WhiteClock "0:01:55"]
[BlackClock "0:05:20"]
[Variant "Standard"]

1. e4 c5 2. Nf3 d6 3. Bb5+ Nd7 4. c3 a6 5. Ba4 Ngf6 6. Bc2 g6 7. O-O Bg7 8. d4 O-O 9. e5 dxe5 10. dxe5 Ng4 11. e6 fxe6 12. Ng5 Ndf6 13. Qe2 Qc7 14. g3 Kh8 15. Nxe6 Bxe6 16. Qxe6 c4 17. Bf4 Qc5 18. h3 g5 19. hxg4 gxf4 20. Qf5 Qxf5 21. Bxf5 fxg3 22. fxg3 Nd5 23. Re1 Bh6 24. Re5 Ne3 25. Na3 Rad8 26. Re1 Rd2 27. R5xe3 Bxe3+ 28. Rxe3 Rxb2 29. Nxc4 Rxa2 30. Rxe7 Rd8 31. Bd7 Kg8 32. Nd6 Kf8 33. Nf5 Rd2 34. Be6 R8d3 35. Rf7+ Ke8 36. g5 Rxc3 37. Ng7+ Kd8 38. Rf8+ Ke7 39. Re8+ Kd6 40. Rd8+ Ke7 41. Rxd2 Rxg3+ 42. Rg2 Rc3 43. Bf5 Kf7 44. Nh5 Kg8 45. Nf6+ Kg7 46. Bxh7 b5 47. Be4 Rc5 48. Ne8+ Kg8 49. g6 Re5 50. Bd5+ 1-0

[Event "2026 European Womens Championship"]
[Site "Batumi, GE"]
[Date "2026.06.04"]
[Round "10"]
[White "Buyuk, Ecrin Efsa"]
[Black "Damaso Tacoronte, Carolina"]
[Result "1-0"]
[Board "71"]
[TimeControl "5400+30"]
[WhiteFideId "44505175"]
[BlackFideId "2292858"]
[WhiteElo "2076"]
[BlackElo "1890"]
[WhiteTitle "WFM"]
[WhiteClock "0:05:40"]
[BlackClock "0:00:35"]
[Variant "Standard"]

1. e4 c6 2. d4 d5 3. e5 Bf5 4. Nd2 e6 5. Nb3 a6 6. Nf3 c5 7. dxc5 Bxc5 8. Nxc5 Qa5+ 9. c3 Qxc5 10. Be3 Qc7 11. Be2 h6 12. O-O Ne7 13. Qa4+ Nd7 14. Bf4 O-O 15. Qd4 Bh7 16. Rfe1 Rfd8 17. Qd1 Rac8 18. Nd4 Nc5 19. f3 b5 20. Qd2 Ng6 21. Bg3 Ne7 22. Bf1 Nf5 23. Bf2 Qe7 24. Rad1 Qc7 25. g4 Ne7 26. Bg3 Na4 27. Rc1 Nb6 28. b3 Qa7 29. h4 Nd7 30. Kh2 Nc5 31. h5 Kh8 32. g5 hxg5 33. Qxg5 Ng8 34. Bh4 Re8 35. Qg3 Qd7 36. b4 Nd3 37. Bxd3 Bxd3 38. Bg5 f6 39. Bf4 Qf7 40. Kg2 Ne7 41. Kf2 Nf5 42. Nxf5 Bxf5 43. h6 g6 44. h7 g5 45. Be3 fxe5 46. Qxe5+ Qg7 47. Qd6 Kxh7 48. Bd4 Qc7 49. Rh1+ Kg6 50. Qxc7 Rxc7 51. Rcg1 e5 52. Be3 Rh7 53. Rxg5+ Kf6 54. Rxf5+ Kxf5 55. Rxh7 Rc8 56. Bc5 Rc6 57. Rh5+ Kg6 58. Rxe5 1-0

[Event "2026 European Womens Championship"]
[Site "Batumi, GE"]
[Date "2026.06.04"]
[Round "10"]
[White "Kalayci, Nino"]
[Black "Tsiganova, Monika"]
[Result "1-0"]
[Board "72"]
[TimeControl "5400+30"]
[WhiteFideId "13603221"]
[BlackFideId "4500199"]
[WhiteElo "1755"]
[BlackElo "2039"]
[WhiteTitle "WCM"]
[BlackTitle "WIM"]
[WhiteClock "0:20:17"]
[BlackClock "0:28:44"]
[Variant "Standard"]

1. d4 Nf6 2. c4 c5 3. d5 b5 4. cxb5 a6 5. b6 e6 6. Nc3 Nxd5 7. Nxd5 exd5 8. Qxd5 Nc6 9. Bg5 Be7 10. Bxe7 Qxe7 11. Rc1 O-O 12. Qxc5 Qe6 13. Qc4 Qe5 14. Qc3 Qb5 15. e3 Qxb6 16. Nf3 Rb8 17. b3 Bb7 18. Be2 Nb4 19. Qd2 Be4 20. O-O Qa5 21. Qxd7 Qxa2 22. Bc4 Qa5 23. Bxf7+ Kh8 24. Be6 Bxf3 25. gxf3 Qh5 26. Bg4 Qg6 27. Kh1 Rbd8 28. Qe6 Qg5 29. Rg1 Nd3 30. Rc2 Qh4 31. Rg3 Rf6 32. Qe7 Rdf8 33. Rc7 Qh6 34. Kg2 Rg8 35. Rc8 Rxc8 36. Bxc8 g5 37. Qd8+ Rf8 38. Qxd3 Rxc8 39. Rh3 Qg7 40. Qxa6 Rf8 41. Rg3 h6 42. f4 g4 43. h3 h5 44. Qb5 Qg6 45. Qe5+ Kh7 46. hxg4 hxg4 47. Qe7+ Kg8 48. Qg5 Qxg5 49. fxg5 Rb8 50. e4 Rb5 51. Rxg4 Rxb3 52. f4 Kg7 53. f5 Ra3 54. Rg3 Ra2+ 55. Kf3 Ra1 56. Kf4 Rf1+ 57. Ke5 Ra1 58. Rd3 Kf7 59. Rd7+ Ke8 60. Ke6 Ra6+ 61. Rd6 Ra7 62. f6 Re7+ 63. Kf5 Ra7 64. g6 Rb7 65. Ra6 Rb8 66. e5 Rc8 67. g7 1-0

[Event "2026 European Womens Championship"]
[Site "Batumi, GE"]
[Date "2026.06.04"]
[Round "10"]
[White "Chanturia, Lika"]
[Black "Tsirulnik, Maritsa"]
[Result "0-1"]
[Board "73"]
[TimeControl "5400+30"]
[WhiteFideId "13618857"]
[BlackFideId "14118688"]
[WhiteElo "1649"]
[BlackElo "2028"]
[BlackTitle "WFM"]
[WhiteClock "0:09:56"]
[BlackClock "0:19:15"]
[Variant "Standard"]

1. e4 c5 2. Nf3 e6 3. d4 cxd4 4. Nxd4 Nc6 5. Nc3 Qc7 6. Be3 a6 7. Qd2 Nf6 8. f3 Be7 9. O-O-O b5 10. g4 Bb7 11. Kb1 Rc8 12. Bd3 O-O 13. h4 Rfd8 14. h5 Nxd4 15. Bxd4 e5 16. Be3 Bb4 17. g5 Ne8 18. Qg2 Bxc3 19. bxc3 Qxc3 20. g6 Rc6 21. gxh7+ Kxh7 22. Qg5 Rf6 23. f4 d6 24. h6 g6 25. Rdf1 Bxe4 26. Bxe4 Qb4+ 27. Ka1 Qxe4 28. fxe5 Rxf1+ 29. Rxf1 Rd7 30. exd6 f6 31. Qc5 Qc4 32. Qxc4 bxc4 33. Rf4 g5 34. Rxc4 Rxd6 35. Re4 Rd8 36. Re6 a5 37. c4 Kxh6 38. c5 Kg6 39. c6 Rc8 40. Bb6 Kf5 41. Re7 g4 42. c7 g3 43. Rd7 Kg4 44. Rd8 Rxc7 45. Rxe8 Rc6 46. Bxa5 f5 47. Bd2 f4 48. Re4 g2 49. Rxf4+ Kg3 50. Be3 Re6 51. Rf5 Rxe3 52. Kb2 Kg4 53. Rf7 Rg3 54. Rg7+ Kf3 55. Rf7+ Ke4 56. Re7+ Kd5 57. Re1 g1=Q 58. Rxg1 Rxg1 59. Kb3 Kc5 60. Ka4 Rg3 61. a3 Rf3 62. Ka5 Rxa3# 0-1

[Event "2026 European Womens Championship"]
[Site "Batumi, GE"]
[Date "2026.06.04"]
[Round "10"]
[White "Muradyan, Anahit"]
[Black "Asatiani, Natali"]
[Result "1-0"]
[Board "74"]
[TimeControl "5400+30"]
[WhiteFideId "13314807"]
[BlackFideId "13636715"]
[WhiteElo "1977"]
[BlackElo "1603"]
[WhiteClock "1:02:58"]
[BlackClock "0:29:55"]
[Variant "Standard"]

1. Nf3 d5 2. d4 Nf6 3. c4 e6 4. g3 Bb4+ 5. Bd2 Bxd2+ 6. Nbxd2 O-O 7. Bg2 Nbd7 8. O-O b6 9. cxd5 Nxd5 10. Qc2 Bb7 11. Rac1 Rc8 12. Nc4 N7f6 13. a3 h6 14. Nfe5 c5 15. dxc5 Rxc5 16. b4 Rc7 17. Qb2 Qb8 18. Rfd1 Rfc8 19. b5 Nd7 20. Bxd5 Nxe5 21. Nxe5 Bxd5 22. Rxc7 Qxc7 23. f3 f6 24. Nd3 Qe7 25. e4 Bb7 26. Rc1 Qd7 27. Nf4 Rxc1+ 28. Qxc1 e5 29. Qc4+ Kh7 30. Nd5 f5 31. Qd3 Qd6 32. Kg2 Kh8 33. a4 Qc5 34. Qc3 Qxc3 35. Nxc3 fxe4 36. fxe4 Kg8 37. Kf3 Kf7 38. Nd5 Bxd5 39. exd5 Ke7 40. Ke4 Kd6 41. g4 h5 42. gxh5 Kd7 43. Kxe5 Ke7 44. d6+ Kd7 45. h4 Kd8 46. Ke6 Ke8 47. d7+ Kd8 48. Kd6 a5 49. bxa6 1-0

[Event "2026 European Womens Championship"]
[Site "Batumi, GE"]
[Date "2026.06.04"]
[Round "10"]
[White "Demirtas, Hafize"]
[Black "Manukyan, Tamara"]
[Result "1-0"]
[Board "75"]
[TimeControl "5400+30"]
[WhiteFideId "6382070"]
[BlackFideId "13321307"]
[WhiteElo "1928"]
[BlackElo "1707"]
[WhiteClock "0:19:35"]
[BlackClock "0:16:51"]
[Variant "Standard"]

1. e4 d5 2. exd5 Nf6 3. Nf3 Nxd5 4. d4 Bf5 5. Bd3 Bxd3 6. Qxd3 e6 7. O-O Be7 8. a3 O-O 9. c4 Nf6 10. Qc2 c6 11. Nc3 Nbd7 12. Bg5 Nb6 13. b3 h6 14. Bf4 Nh5 15. Be3 f5 16. a4 Qe8 17. Rad1 g5 18. Ne5 Nd7 19. Nxd7 Qxd7 20. d5 cxd5 21. cxd5 e5 22. d6 Bf6 23. Nd5 Rac8 24. Qe2 Ng7 25. Bxa7 Rc6 26. b4 Rxd6 27. Qa2 Ne6 28. Bc5 Kg7 29. Nxf6 Rxf6 30. Rxd6 Qc8 31. Qd5 e4 32. Bd4 1-0

[Event "2026 European Womens Championship"]
[Site "Batumi, GE"]
[Date "2026.06.04"]
[Round "10"]
[White "Vakhania, Aleksandra"]
[Black "Chighvaria, Ana"]
[Result "1-0"]
[Board "76"]
[TimeControl "5400+30"]
[WhiteFideId "13602560"]
[BlackFideId "13628666"]
[WhiteElo "2079"]
[BlackElo "1518"]
[WhiteTitle "WIM"]
[WhiteClock "1:18:54"]
[BlackClock "0:51:06"]
[Variant "Standard"]

1. e4 c5 2. Nc3 Nc6 3. f4 g6 4. Nf3 Bg7 5. Bb5 a6 6. Bxc6 dxc6 7. O-O Bg4 8. d3 Nf6 9. h3 Bxf3 10. Qxf3 O-O 11. Be3 Nd7 12. e5 Rc8 13. Ne4 b6 14. a4 a5 15. Rae1 Qc7 16. Qg4 f5 17. exf6 Nxf6 18. Qe6+ Kh8 19. Ng5 h6 20. Nf7+ Kh7 21. f5 Rxf7 22. fxg6+ Kh8 23. gxf7 Rf8 24. Bf4 Qd7 25. Qxd7 Nxd7 26. Rxe7 Nf6 27. Bxh6 Nd5 28. Re6 Kh7 29. Bxg7 Kxg7 30. Rxc6 Ne3 31. Rf2 1-0

[Event "2026 European Womens Championship"]
[Site "Batumi, GE"]
[Date "2026.06.04"]
[Round "10"]
[White "Kedelidze, Aneta"]
[Black "Koghuashvili, Tekla"]
[Result "1-0"]
[Board "77"]
[TimeControl "5400+30"]
[WhiteFideId "13626191"]
[BlackFideId "13621564"]
[WhiteElo "1676"]
[BlackElo "1921"]
[WhiteClock "0:01:23"]
[BlackClock "1:20:34"]
[Variant "Standard"]
[Termination "forfeit"]

1. d4 d5 2. c4 dxc4 3. Nf3 Nf6 4. e3 Bg4 5. Bxc4 e6 6. O-O Nc6 7. Nc3 Bd6 8. h3 Bh5 9. Nb5 O-O 10. Nxd6 Qxd6 11. Be2 Rfd8 12. Qb3 b6 13. Rd1 h6 14. Bd2 Nd5 15. Rac1 a5 16. Qc4 Nde7 17. Qb5 f5 18. b3 Be8 19. Qc4 Nd5 20. Qc2 Ncb4 21. Qb2 Bc6 22. a3 Na6 23. Ne5 Bb7 24. Qc2 Qxa3 25. Bh5 Bc8 26. Qc6 Ra7 27. Bf7+ Kh8 28. Bxe6 Nb8 29. Nf7+ Kh7 30. Qc2 Bxe6 31. Nxd8 Bd7 32. Nf7 Nc6 33. Ne5 Nxe5 34. dxe5 Be6 35. e4 Ne7 36. exf5 Bxf5 37. Qc4 Bg6 38. Bc3 Nf5 39. e6 c6 40. Ra1 Qe7 41. Bb2 Rc7 42. Be5 Rc8 43. Rd7 Qg5 44. Qg4 Re8 45. Qxg5 hxg5 46. Bc7 b5 47. Bxa5 Rxe6 48. Bd2 Be8 49. Rd8 Kg6 50. Re1 Bf7 51. Rxe6+ Bxe6 52. b4 Bd5 53. Bc3 Be6 54. g4 Ne7 55. Rd6 Kf7 56. Bxg7 Nd5 57. Rxc6 Nxb4 58. Rc7+ Kg6 59. Rb7 Nd5 60. Bf8 Nf4 61. Kh2 Bc4 62. Rb6+ Kf7 63. Bb4 Nd5 64. Rb7+ Kf6 65. Bd2 Kg6 66. Rb8 Kf6 67. Kg3 Nc7 68. Rf8+ Kg6 69. Rf5 Ne6 70. Bc3 Kh6 71. h4 gxh4+ 72. Kxh4 Nc7 73. Rf6+ Kh7 74. Rb6 Nd5 75. Rb7+ Kg6 76. Rg7+ 1-0

[Event "2026 European Womens Championship"]
[Site "Batumi, GE"]
[Date "2026.06.04"]
[Round "10"]
[White "Rekhviashvili, Mariam"]
[Black "Recica, Jona"]
[Result "0-1"]
[Board "78"]
[TimeControl "5400+30"]
[WhiteFideId "13635859"]
[BlackFideId "22105239"]
[WhiteElo "1836"]
[BlackElo "1842"]
[WhiteClock "0:30:47"]
[BlackClock "0:46:30"]
[Variant "Standard"]

1. e4 e5 2. Nf3 Nc6 3. Bb5 a6 4. Bxc6 dxc6 5. O-O Bg4 6. h3 h5 7. d3 Qf6 8. Nbd2 Ne7 9. Re1 Ng6 10. d4 Nf4 11. dxe5 Qe6 12. Nb3 Rd8 13. Bd2 Bxh3 14. Ng5 Qg6 15. Qf3 Qxg5 16. Bxf4 Qg4 17. Qxh3 Qxf4 18. e6 f6 19. Qf5 Qg4 20. f3 Qxf5 21. exf5 h4 22. Re4 Rd5 23. Rae1 Bd6 24. Rg4 Bg3 25. c4 Rxf5 26. Ree4 g5 27. Nd4 Rc5 28. b3 Ra5 29. a4 Bf4 30. Kf1 f5 31. b4 fxe4 32. bxa5 exf3 33. Nxf3 Rf8 34. Ke2 Rf5 35. Kd3 Rxa5 36. Nxh4 Rxa4 37. g3 Ra3+ 38. Ke4 Rxg3 39. Rxg3 Bxg3 40. Nf5 Bd6 41. Nd4 Ke7 42. Kf5 c5 43. Nf3 g4 44. Kxg4 Kxe6 45. Nd2 Ke5 46. Nb3 b6 47. Kf3 a5 48. Ke3 Kf5 49. Kd3 Bf4 50. Na1 a4 51. Nc2 Bc1 52. Kc3 Ke4 53. Ne1 a3 54. Kb3 Ke3 55. Ng2 Ke2 56. Nh4 Bb2 57. Ng6 Kd2 58. Nf4 Kc1 59. Ka2 Kc2 60. Nd5 Be5 61. Kxa3 Kd3 62. Kb3 Bd6 63. Nf6 c6 64. Ng4 b5 65. Nf2 Kd4 66. Ng4 Bg3 67. Nf6 Kd3 68. cxb5 cxb5 69. Nd5 Bd6 70. Kb2 c4 71. Nb6 c3+ 72. Ka2 c2 73. Kb2 Bf4 74. Nd5 c1=Q+ 75. Ka2 Qc2+ 76. Ka3 Qa4+ 77. Kb2 Be5+ 78. Kb1 Qa1# 0-1

[Event "2026 European Womens Championship"]
[Site "Batumi, GE"]
[Date "2026.06.04"]
[Round "10"]
[White "Saraci, Rinesa"]
[Black "Xing, Lida"]
[Result "1/2-1/2"]
[Board "79"]
[TimeControl "5400+30"]
[WhiteFideId "4701976"]
[BlackFideId "13326171"]
[WhiteElo "1754"]
[BlackElo "1598"]
[WhiteTitle "WCM"]
[WhiteClock "0:06:21"]
[BlackClock "0:46:47"]
[Variant "Standard"]

1. e4 e5 2. Nf3 Nc6 3. Bb5 a6 4. Ba4 Nf6 5. O-O b5 6. Bb3 Be7 7. Re1 O-O 8. c3 d6 9. h3 Na5 10. Bc2 c5 11. d3 Bb7 12. Nbd2 Nd7 13. d4 cxd4 14. cxd4 Rc8 15. dxe5 dxe5 16. Nf1 Qc7 17. Bb3 Nxb3 18. axb3 Rfd8 19. Bd2 Bc5 20. b4 Bd6 21. Ng3 Nb8 22. Rc1 Qe7 23. Nf5 Qf8 24. Rxc8 Bxc8 25. Bg5 f6 26. Qb3+ Qf7 27. Qxf7+ Kxf7 28. Nxd6+ Rxd6 29. Be3 Nc6 30. Bc5 Rd3 31. Rc1 Be6 32. Rc3 Rd1+ 33. Kh2 g5 34. g4 Rd8 35. Ra3 Bc8 36. Rc3 Bb7 37. Kg3 Rd7 38. Ng1 Nd4 39. f3 Ne6 40. Be3 Kg6 41. Kf2 h5 42. Ne2 hxg4 43. hxg4 Rh7 44. Kg2 Rd7 45. Nc1 Nd4 46. Bxd4 Rxd4 47. Nd3 Rd6 48. Kf2 Bc6 49. Ke3 Bd7 50. Nc5 Bc8 51. Ra3 1/2-1/2

[Event "2026 European Womens Championship"]
[Site "Batumi, GE"]
[Date "2026.06.05"]
[Round "11"]
[White "Kulon, Klaudia"]
[Black "Hnatyshyn, Anastasiia"]
[Result "1/2-1/2"]
[Board "1"]
[TimeControl "5400+30"]
[WhiteFideId "1131044"]
[BlackFideId "14198339"]
[WhiteElo "2377"]
[BlackElo "2207"]
[WhiteTitle "IM"]
[BlackTitle "WFM"]
[WhiteClock "0:22:29"]
[BlackClock "0:29:54"]
[Variant "Standard"]

1. e4 c5 2. Nf3 Nc6 3. d4 cxd4 4. Nxd4 e5 5. Nf5 d5 6. Qxd5 Qxd5 7. exd5 Bxf5 8. dxc6 bxc6 9. Bd3 Bxd3 10. cxd3 O-O-O 11. Ke2 Ne7 12. Be3 Nd5 13. Rc1 Kb7 14. Nd2 Bd6 15. Nb3 Bc7 16. Nc5+ Ka8 17. Ne4 Kb7 18. Rc4 Bb6 19. Rac1 Ne7 20. Ng5 Rdf8 21. Ne4 Rd8 22. Ng5 Rdf8 23. Bc5 Bxc5 24. Rxc5 h6 25. Ne4 f6 26. Nd6+ Kc7 27. Nb5+ Kb6 28. Na3 Rb8 29. b4 Rhd8 30. Nc4+ Kc7 31. a3 Rd5 32. Rxd5 Nxd5 33. Na5 Ne7 34. g3 Kd6 35. h4 h5 36. f3 Rb5 37. Rc4 Kd5 38. a4 Rb6 39. d4 exd4 40. Kd3 Kd6 41. Rxd4+ Kc7 42. Nb3 Nd5 43. Nc5 Kd6 44. Ne4+ Ke6 45. Nc5+ Kd6 46. Ne4+ Ke6 47. Nc5+ Ke5 1/2-1/2

[Event "2026 European Womens Championship"]
[Site "Batumi, GE"]
[Date "2026.06.05"]
[Round "11"]
[White "Vega Gutierrez, Sabrina"]
[Black "Badelka, Olga"]
[Result "1/2-1/2"]
[Board "2"]
[TimeControl "5400+30"]
[WhiteFideId "2219026"]
[BlackFideId "13509926"]
[WhiteElo "2375"]
[BlackElo "2392"]
[WhiteTitle "IM"]
[BlackTitle "IM"]
[WhiteClock "0:05:08"]
[BlackClock "0:03:55"]
[Variant "Standard"]

1. e4 e6 2. d4 d5 3. Nc3 Nf6 4. Bg5 dxe4 5. Nxe4 Nbd7 6. Nf3 h6 7. Nxf6+ Nxf6 8. Be3 Bd7 9. Ne5 Bd6 10. Bd3 Nd5 11. Bd2 Bxe5 12. dxe5 Qh4 13. Qe2 Bc6 14. a3 Nf4 15. Bxf4 Qxf4 16. Bb5 Bxb5 17. Qxb5+ c6 18. Qe2 O-O-O 19. g3 Qd4 20. c3 Qc5 21. O-O Rd5 22. Rfe1 Rhd8 23. Qe3 Qxe3 24. Rxe3 Rd2 25. b4 R8d3 26. Rae1 Kd7 27. a4 b6 28. Kg2 Ke7 29. Rxd3 Rxd3 30. Re3 Rd5 31. h4 a5 32. Re4 c5 33. bxa5 bxa5 34. Kf1 g5 35. hxg5 hxg5 36. Ke2 f5 37. exf6+ Kxf6 38. g4 Rd8 39. Rc4 Rd5 40. f4 gxf4 41. Rxf4+ Ke5 42. Rf3 Rd8 43. Re3+ Kf6 44. Re4 Rd7 45. Ke3 Rd1 46. Rc4 Rd5 47. Kf4 Kg6 48. Re4 Kf6 49. Re3 c4 50. Rh3 Kg6 51. Rh5 Rd3 52. Rg5+ Kf6 53. Rxa5 Rxc3 54. g5+ Kg6 55. Ra6 Kf7 56. Ra7+ Kg6 57. Re7 Rc1 58. Rxe6+ Kg7 59. Rc6 c3 60. Ke4 1/2-1/2

[Event "2026 European Womens Championship"]
[Site "Batumi, GE"]
[Date "2026.06.05"]
[Round "11"]
[White "Narva, Mai"]
[Black "Salimova, Nurgyul"]
[Result "0-1"]
[Board "3"]
[TimeControl "5400+30"]
[WhiteFideId "4500512"]
[BlackFideId "2915138"]
[WhiteElo "2426"]
[BlackElo "2404"]
[WhiteTitle "IM"]
[BlackTitle "IM"]
[WhiteClock "0:01:28"]
[BlackClock "0:01:33"]
[Variant "Standard"]

1. e4 e5 2. Nf3 Nf6 3. Nxe5 d6 4. Nf3 Nxe4 5. d4 d5 6. Bd3 Nc6 7. O-O Bg4 8. c3 Be7 9. Re1 f5 10. Bb5 O-O 11. Nbd2 Bh4 12. g3 Qd6 13. Bf1 Bg5 14. Qb3 Bh6 15. Bg2 Kh8 16. Qxb7 Rae8 17. Qa6 Re6 18. Nxe4 fxe4 19. Ne5 Nxe5 20. Qxd6 cxd6 21. dxe5 Bxc1 22. Raxc1 Rxe5 23. c4 dxc4 24. Rxe4 Rxe4 25. Bxe4 Be6 26. Rd1 Rd8 27. f4 g6 28. Kf2 Kg7 29. Ke3 d5 30. Bf3 Kf6 31. Kd4 Rb8 32. Rd2 Rb5 33. g4 Ra5 34. a3 Rb5 35. Bd1 g5 36. fxg5+ Kxg5 37. Re2 Rb6 38. Rf2 h6 39. Rg2 Kh4 40. Rf2 Kg5 41. Ke5 Bg8 42. Kd4 Be6 43. a4 a5 44. h3 Rb8 45. Re2 Bg8 46. Re5+ Kf4 47. Re2 Kg3 48. Re3+ Kh4 49. Re5 Rxb2 50. Bf3 Kg3 51. Be2 Kxh3 52. Ke3 c3 53. g5 c2 54. Kd2 Bh7 55. Rxd5 Rb1 56. Rc5 hxg5 57. Rc3+ Kg2 58. Rc4 Kf2 59. Bg4 Rg1 60. Bh5 Be4 61. Rc8 g4 62. Rf8 Kg3 0-1